% Time on Ice - PORTLAND PIRATES
Lines # - Real PCT - Wanted PCT - Time Play
Normal Forward
1 - 34% - 33% - 15:26
2 - 29% - 33% - 12:53
3 - 25% - 27% - 11:28
4 - 12% - 7% - 5:12
Normal Defense
1 - 33% - 34% - 14:40
2 - 34% - 34% - 15:24
3 - 29% - 27% - 13:15
4 - 4% - 5% - 1:40
PP Forward
1 - 56% - 60% - 4:26
2 - 44% - 40% - 3:30
PP Defense
1 - 51% - 60% - 4:01
2 - 49% - 40% - 3:55
PK Forward
1 - 66% - 60% - 4:27
2 - 34% - 40% - 2:16
PK Defense
1 - 47% - 60% - 3:11
2 - 53% - 40% - 3:32
PK3 Forward
1 - 0% - 60%
2 - 0% - 40%
PK3 Defense
1 - 0% - 60%
2 - 0% - 40%
44 Forward
1 - 0% - 60%
2 - 0% - 40%
44 Defense
1 - 0% - 60%
2 - 0% - 40%
Last Minute Offensive  - 0:00
Last Minute Defensive  - 0:22
Total
Forward - 60:00
Defense - 60:00
% Time on Ice - SALEM BLACK JAYS
Lines # - Real PCT - Wanted PCT - Time Play
Normal Forward
1 - 33% - 36% - 14:49
2 - 34% - 36% - 15:11
3 - 24% - 20% - 11:00
4 - 9% - 8% - 4:10
Normal Defense
1 - 29% - 36% - 13:12
2 - 31% - 31% - 14:04
3 - 33% - 23% - 14:44
4 - 7% - 10% - 3:10
PP Forward
1 - 55% - 55% - 3:41
2 - 45% - 45% - 3:02
PP Defense
1 - 51% - 55% - 3:24
2 - 49% - 45% - 3:19
PK Forward
1 - 63% - 55% - 4:59
2 - 37% - 45% - 2:57
PK Defense
1 - 60% - 55% - 4:47
2 - 40% - 45% - 3:09
PK3 Forward
1 - 0% - 55%
2 - 0% - 45%
PK3 Defense
1 - 0% - 55%
2 - 0% - 45%
44 Forward
1 - 0% - 55%
2 - 0% - 45%
44 Defense
1 - 0% - 55%
2 - 0% - 45%
Last Minute Offensive  - 0:11
Last Minute Defensive  - 0:00
Total
Forward - 60:00
Defense - 60:00
Play-by-Play 1st period 0:01 of 1st period - Jonathan Toews wins face-off versus Dylan Larkin in neutral zone. 0:04 of 1st period - Joshua Morrissey is hit by Travis Konecny and loses puck. 0:19 of 1st period - Shot by Mitchell Marner. 0:19 of 1st period - Shot Misses the Net. 0:21 of 1st period - Shot by Dylan Larkin. 0:21 of 1st period - Stopped by Henrik Lundqvist without a rebound. 0:22 of 1st period - Eric Staal wins face-off versus Mathew Barzal in PORTLAND PIRATES zone. 0:22 of 1st period - Rickard Rakell is hit by Marcus Johansson and loses puck. 1:46 of 1st period - Icing by Brian Dumoulin. 1:47 of 1st period - Dylan Larkin wins face-off versus Pavel Zacha in PORTLAND PIRATES zone. 1:47 of 1st period - Mitchell Marner is hit by Brian Dumoulin and loses puck. 1:54 of 1st period - Shot by Dylan Larkin. 1:54 of 1st period - Shot Misses the Net. 1:56 of 1st period - Shot by Dylan Larkin. 1:56 of 1st period - Stopped by Henrik Lundqvist without a rebound. 1:57 of 1st period - Jonathan Toews wins face-off versus Mitchell Marner in PORTLAND PIRATES zone. 1:57 of 1st period - Rasmus Ristolainen is hit by Dylan Larkin and loses puck. 2:11 of 1st period - Icing by Brett Pesce. 2:12 of 1st period - Jonathan Toews wins face-off versus Par Lindholm in PORTLAND PIRATES zone. 2:25 of 1st period - Shot by Jonathan Toews. 2:25 of 1st period - Stopped by Mike Smith with a rebound. 3:25 of 1st period - Alex Chiasson is hit by Joshua Morrissey and loses puck. 3:57 of 1st period - Shot by Rickard Rakell. 3:57 of 1st period - Shot Misses the Net. 3:59 of 1st period - Shot by Travis Hamonic. 3:59 of 1st period - Shot Misses the Net. 4:11 of 1st period - Shot by Yanni Gourde. 4:11 of 1st period - Stopped by Mike Smith with a rebound. 4:17 of 1st period - Shot by Thomas Chabot. 4:17 of 1st period - Shot Misses the Net. 4:19 of 1st period - Shot by Yanni Gourde. 4:19 of 1st period - Goal by Yanni Gourde - PORTLAND PIRATES : 1 - SALEM BLACK JAYS : 0. 4:20 of 1st period - Dylan Larkin wins face-off versus Jonathan Toews in neutral zone. 4:27 of 1st period - Shot by Mitchell Marner. 4:27 of 1st period - Deflect By Dylan Larkin. 4:27 of 1st period - Stopped by Henrik Lundqvist without a rebound. 4:28 of 1st period - Mikko Rantanen wins face-off versus Jonathan Toews in PORTLAND PIRATES zone. 4:28 of 1st period - Mikko Rantanen is hit by Rasmus Ristolainen. 4:54 of 1st period - Shot by Jonathan Toews. 4:54 of 1st period - Stopped by Mike Smith without a rebound. 4:55 of 1st period - Dylan Larkin wins face-off versus Jason Dickinson in SALEM BLACK JAYS zone. 6:14 of 1st period - Shot by Mathew Barzal. 6:14 of 1st period - Shot Blocked by Thomas Chabot. 8:04 of 1st period - Shot by Mathew Barzal. 8:04 of 1st period - Stopped by Henrik Lundqvist with a rebound. 8:41 of 1st period - Mitchell Marner is hit by Brian Dumoulin and loses puck. 9:03 of 1st period - Shot by Casey Cizikas. 9:03 of 1st period - Stopped by Henrik Lundqvist without a rebound. 9:04 of 1st period - Casey Cizikas wins face-off versus Jason Dickinson in PORTLAND PIRATES zone. 9:11 of 1st period - Shot by Par Lindholm. 9:11 of 1st period - Shot Blocked by Jason Dickinson. 9:13 of 1st period - Shot by Casey Cizikas. 9:13 of 1st period - Shot Misses the Net. 9:15 of 1st period - Shot by Par Lindholm. 9:15 of 1st period - Stopped by Henrik Lundqvist without a rebound. 9:16 of 1st period - Mathew Barzal wins face-off versus Eric Staal in PORTLAND PIRATES zone. 9:20 of 1st period - Double Minor Penalty to Travis Hamonic for High sticking. 9:21 of 1st period - Yanni Gourde wins face-off versus Mathew Barzal in PORTLAND PIRATES zone. 9:21 of 1st period - Yanni Gourde is hit by Marcus Johansson. 9:33 of 1st period - Mikko Rantanen is hit by Rickard Rakell and loses puck. 9:40 of 1st period - Shot by Cody Ceci. 9:40 of 1st period - Stopped by Henrik Lundqvist without a rebound. 9:41 of 1st period - Yanni Gourde wins face-off versus Dylan Larkin in PORTLAND PIRATES zone. 10:06 of 1st period - Shot by Mitchell Marner. 10:06 of 1st period - Goal by Mitchell Marner - PORTLAND PIRATES : 1 - SALEM BLACK JAYS : 1. 10:07 of 1st period - Yanni Gourde wins face-off versus Mathew Barzal in neutral zone. 10:26 of 1st period - Cody Ceci is hit by Yanni Gourde and loses puck. 10:30 of 1st period - Icing by Cody Ceci. 10:31 of 1st period - Eric Staal wins face-off versus Mathew Barzal in SALEM BLACK JAYS zone. 11:20 of 1st period - Shot by Matthew Calvert. 11:20 of 1st period - Stopped by Henrik Lundqvist without a rebound. 11:21 of 1st period - Dylan Larkin wins face-off versus Yanni Gourde in PORTLAND PIRATES zone. 11:38 of 1st period - Shot by Matthew Calvert. 11:38 of 1st period - Stopped by Henrik Lundqvist without a rebound. 11:39 of 1st period - Yanni Gourde wins face-off versus Dylan Larkin in PORTLAND PIRATES zone. 12:34 of 1st period - Pavel Zacha is hit by Adam Larsson and loses puck. 12:41 of 1st period - Shot by Alex Chiasson. 12:41 of 1st period - Stopped by Mike Smith without a rebound. 12:42 of 1st period - Jonathan Toews wins face-off versus Marcus Johansson in SALEM BLACK JAYS zone. 12:42 of 1st period - Mike Hoffman is hit by Michal Kempny and loses puck. 12:56 of 1st period - Shot by Mikko Rantanen. 12:56 of 1st period - Shot Misses the Net. 12:58 of 1st period - Shot by Marcus Johansson. 12:58 of 1st perio